 Dungeon Crawl Stone Soup version 0.15.0-8-gb109cf8 (webtiles) character file.

259 PotatoesMaster the Magician (level 5, -3/28 HPs)
             Began as a Deep Elf Fire Elementalist on Aug 30, 2014.
             Killed from afar by Blork the orc (7 damage)
             ... with a puff of flame
             ... on Level 4 of the Dungeon.
             The game lasted 00:21:18 (2960 turns).

PotatoesMaster the Magician (DEFE)                  Turns: 2960, Time: 00:21:18

HP  -3/28        AC  5     Str  5      XL: 5   Next: 95%
MP   9/19        EV  8     Int 21      God:
Gold 125         SH  0     Dex 15      Spells:  3 memorised,  8 levels left

rFire  . . .     SeeInvis .     q - +2 mace (drain)
rCold  + . .     Clarity  .     u - +0 ring mail {rC+}
rNeg   . . .     rCorr    .     (no shield)
rPois  .         rRot     .     (no helmet)
rElec  .         Spirit   .     (no cloak)
SustAb .         Warding  .     (no gloves)
rMut   .         Stasis   .     (no boots)
Gourm  .                        (no amulet)
MR     .....                    (no ring)
                                (no ring)

@: very slightly contaminated, not resistant to hostile enchantments, unstealthy
A: no striking features
a: no special abilities


You were on level 4 of the Dungeon.
You were not hungry.

You visited 1 branch of the dungeon, and saw 4 of its levels.

You collected 125 gold pieces.

Inventory:

Hand weapons
 e - a +0 dagger
 q - a +2 mace of draining (weapon)
Missiles
 d - 23 stones (quivered)
Armour
 a - a +0 robe
 u - a +0 ring mail of cold resistance (worn)
Magical devices
 t - a wand of polymorph (19) {unknown}
Comestibles
 c - 3 bread rations
 n - a chunk of bat flesh
 o - a meat ration
Scrolls
 f - a scroll of magic mapping
 h - 4 scrolls of identify
 i - 2 scrolls of fog
 j - a scroll of teleportation
 m - 2 scrolls of amnesia
Potions
 g - 2 potions of curing
 k - a potion of degeneration {unknown}
 l - a potion of invisibility
 p - a potion of cure mutation
Books
 b - a book of Flames

   Spells                             Type                      Level
   *Flame Tongue                      Conjuration/Fire             1
   *Throw Flame                       Conjuration/Fire             2
   *Conjure Flame                     Conjuration/Fire             3
   Inner Flame                        Hexes/Fire                   3
   Sticky Flame                       Conjuration/Fire             4
   Fireball                           Conjuration/Fire             5


   Skills:
 - Level 2.1 Throwing
 + Level 2.7 Dodging
 * Level 3.9 Stealth
 + Level 5.0 Spellcasting
 + Level 3.0 Conjurations
 + Level 4.3 Fire Magic


You had 8 spell levels left.
You knew the following spells:

 Your Spells              Type           Power        Failure   Level  Hunger
a - Flame Tongue          Conj/Fire      ###..        12%         1    None
b - Throw Flame           Conj/Fire      ###...       17%         2    None
c - Conjure Flame         Conj/Fire      ###.....     34%         3    ##.....


Dungeon Overview and Level Annotations

Branches:
Dungeon (4/15)
 Temple: D:4-7

Altars:
Kikubaaqudgha
Trog
Zin

Annotations:
D:4 Blork the orc, Dowan


Message History

Aim: Blork the orc, wielding a vampiric halberd and wearing a robe (moderately wounded, fast)
The flame tongue misses Blork the orc.
Blork the orc hits you from afar with a vampiric halberd!
Casting: Flame Tongue
Confirm with . or Enter, or press ? or * to list all spells.
Aiming: Flame Tongue
Press: ? - help, Shift-Dir - straight line, f/p - Blork the orc
Aim: Blork the orc, wielding a vampiric halberd and wearing a robe (moderately wounded, fast)
The flame tongue hits Blork the orc.
Blork the orc is moderately wounded.
You hear the slow hiss of a distant avalanche of sand.
Blork the orc hits you from afar with a vampiric halberd!
* * * LOW HITPOINT WARNING * * *
Drink which item? (? for menu, Esc to quit)
Okay, then.
Read which item? (? for menu, Esc to quit)
Okay, then.
Blork the orc casts a spell at you. The puff of flame hits you!
You die...

. . ######### .. ..
.....?..#. #..e
..#.##.#..... ...
.#.##.#..#... ...
..$.......... ###.#
#.##....#....
#....###.##.........
#...o..@...........
#.#######.....##.# #
#....## ###.####
#...# #.### #.# #.#
#.#


You could see Blork the orc.

Vanquished Creatures
  Purgy (D:3)
  An orc wizard (D:3)
  Ijyb (D:3)
  5 adders
  3 giant mites
  A giant gecko (D:1)
  An ooze (D:2)
  3 orcs (D:3)
  5 giant cockroaches
  5 goblins
  7 hobgoblins
  8 bats
  5 giant newts
  4 kobolds
  10 rats
60 creatures vanquished.

Notes
Turn   | Place    | Note
--------------------------------------------------------------
     0 | D:1      | PotatoesMaster, the Deep Elf Fire Elementalist, began the quest for the Orb.
     0 | D:1      | Reached XP level 1. HP: 10/10 MP: 5/5
   297 | D:1      | Reached XP level 2. HP: 15/15 MP: 6/8
   942 | D:1      | Reached XP level 3. HP: 19/19 MP: 6/11
  1054 | D:2      | Reached skill level 1 in Throwing
  1335 | D:2      | Reached skill level 4 in Fire Magic
  1580 | D:2      | Reached XP level 4. HP: 21/24 MP: 6/14
  2090 | D:3      | Learned a level 2 spell: Throw Flame
  2094 | D:3      | Learned a level 3 spell: Conjure Flame
  2400 | D:3      | Noticed Ijyb
  2404 | D:3      | Killed Ijyb
  2404 | D:3      | Reached XP level 5. HP: 28/28 MP: 4/18
  2608 | D:3      | Noticed Purgy
  2627 | D:3      | Killed Purgy
  2648 | D:3      | Reached skill level 5 in Spellcasting
  2803 | D:3      | Found a bloodstained altar of Trog.
  2803 | D:3      | Found an ancient bone altar of Kikubaaqudgha.
  2828 | D:3      | Found a glowing silver altar of Zin.
  2949 | D:4      | Noticed Blork the orc
  2952 | D:4      | Noticed Dowan
  2960 | D:4      | Killed from afar by Blork the orc

Action                   |  1- 3 |  4- 6 || total
-------------------------+-------+-------++-------
Melee: Unarmed           |     2 |       ||     2
       Mace              |       |     2 ||     2
Throw: Stone             |    92 |     2 ||    94
 Cast: Flame Tongue      |    66 |    27 ||    93
       Throw Flame       |       |    23 ||    23
  Use: Scroll            |     3 |     3 ||     6
       Potion            |     2 |     5 ||     7
  Eat: Pizza             |     1 |       ||     1
       Beef jerky        |       |     2 ||     2
       Meat ration       |       |     1 ||     1
       Chunk             |       |     1 ||     1
